 Dungeon Crawl Stone Soup version 0.29.0-7-g18a832c13a (webtiles) character file.

Game seed: 3449465748989983990

52 xian the Gusty (level 3, -2/25 HPs)
             Began as a Demonspawn Air Elementalist on Sept 1, 2022.
             Was a Follower of Wu Jian.
             Slain by a gnoll
             ... wielding a +0 spear
              (4 damage)
             ... on level 2 of the Dungeon.
             The game lasted 00:03:39 (1465 turns).

xian the Gusty (Demonspawn Air Elementalist)        Turns: 1465, Time: 00:03:40

Health: -2/25      AC:  2    Str:  8    XL:     3   Next: 60%
Magic:  1/6        EV: 12    Int: 18    God:    Wu Jian [*.....]
Gold:   81         SH:  4    Dex: 15    Spells: 5/6 levels left

rFire   . . .      SeeInvis .   k - +1 dagger (venom)
rCold   . . .      Faith    .   d - +0 buckler
rNeg    . . .      Spirit   .   a - +0 robe
rPois   .          Reflect  .   (no helmet)
rElec   .          Harm     .   (no cloak)
rCorr   .          Rampage  .   (no gloves)
Will    .....                   (no boots)
Stlth   +++.......              (no amulet)
HPRegen 0.08/turn               (no ring)
MPRegen 0.10/turn               (no ring)

@: no status effects
A: thin skeletal structure 1, foul stench 1
a: Renounce Religion


You were on level 2 of the Dungeon.
You worshipped Wu Jian.
Wu Jian was aware of your devotion.
You visited 1 branch of the dungeon, and saw 2 of its levels.

You collected 81 gold pieces.

Inventory:

Hand Weapons
 k - a +1 dagger of venom (weapon)
Armour
 a - a +0 robe (worn)
 d - a +0 buckler (worn)
Scrolls
 c - a scroll of fog {unknown}
 e - 2 scrolls of identify {unknown}
 i - a scroll of acquirement {unknown}
Potions
 b - a potion of magic
 f - 3 potions of degeneration {unknown}
 g - a potion of curing {unknown}
 j - a potion of berserk rage {unknown}


   Skills:
 + Level 0.3 Fighting
 + Level 0.1 Short Blades
 + Level 0.2 Polearms
 + Level 2.0 Dodging
 + Level 2.1 Stealth
 * Level 0.5 Shields
 + Level 2.3 Spellcasting
 + Level 1.3 Conjurations
 * Level 0.3 Summonings
 + Level 3.2 Air Magic


You had 5 spell levels left.
You knew the following spells:

 Your Spells              Type           Power      Damage    Failure   Level
a - Shock                 Conj/Air       40%        1d5       10%         1

Your spell library contained the following spells:

 Spells                   Type           Power      Damage    Failure   Level
 Static Discharge         Conj/Air       10%        3-5/arc   14%         2
 Swiftness                Air            13%        N/A       19%         3
 Summon Small Mammal      Summ           12%        N/A       21%         1
 Call Canine Familiar     Summ           3%         N/A       52%         3
 Summon Guardian Golem    Hex/Summ       2%         N/A       54%         3
 Airstrike                Air            6%         2d(1-17)  54%         4
 Portal Projectile        Hex/Tloc       4%         N/A       58%         3
 Tukima's Dance           Hex            2%         N/A       58%         3
 Blade Hands              Tmut           1%         N/A       100%        5


Dungeon Overview and Level Annotations

Branches:
Dungeon (2/15)

Altars:
Wu Jian


Innate Abilities, Weirdness & Mutations

You have a somewhat thin skeletal structure. (Dex +2, Stealth+)
You may rarely emit foul miasma when damaged in melee.


Message History

The gnoll is moderately wounded.
The zap hits the gnoll.
The gnoll is heavily wounded.
The zap hits the gnoll.
The gnoll is heavily wounded.
The zap hits the gnoll.
The gnoll is heavily wounded.
The zap hits the gnoll.
The gnoll is almost dead.
The zap hits the gnoll.
The gnoll is heavily wounded.
The zap misses the gnoll.
The zap hits the gnoll.
You kill the gnoll!
The Council accepts your kill.
The zap hits the gnoll.
The gnoll is severely wounded.
The zap misses the gnoll.
The zap hits the frilled lizard.
You kill the frilled lizard!
The Council accepts your kill.
Found 9 gold pieces.
The gnoll hits you from afar with a +0 spear.
You lunge at the gnoll.
You barely miss the gnoll.
The gnoll is severely wounded.
The gnoll hits you from afar with a +0 spear.
The gnoll barely misses you.
You hit the gnoll.
You kill the gnoll!
The Council accepts your kill.
The gnoll hits you from afar with a +0 spear!
* * * LOW HITPOINT WARNING * * *
You lunge at the gnoll.
You hit the gnoll.
The gnoll is poisoned.
The gnoll is severely wounded.
An endoplasm comes into view.
The gnoll hits you with a +0 spear.
* * * LOW HITPOINT WARNING * * *
Things that are here:
a +0 spear; a +0 whip; a gnoll corpse The gnoll attacks as you move away!
The gnoll hits you with a +0 spear.
You die...

#. .## $.J .†.
#$# #.# #g#
#@# #.# .. #.#
.# #.## .#
#..# ##.#
#..#####..
#.....##.#
##.##.##.#####
#...........#


You could see a gnoll (very poisoned) and an endoplasm (wandering).

Vanquished Creatures
  2 gnolls (D:2)
  A dart slug (D:1)
  A ball python (D:1)
  3 endoplasms (D:1)
  A giant cockroach (D:1)
  A goblin (D:1)
  4 hobgoblins
  2 jackals (D:1)
  A quokka (D:1)
  2 bats (D:1)
  4 frilled lizards
  4 kobolds
  4 rats
30 creatures vanquished.

Notes
Turn   | Place    | Note
-------+----------+-------------------------------------------
     0 | D:1      | xian the Demonspawn Air Elementalist began the quest for
                  | the Orb.
     0 | D:1      | Reached XP level 1. HP: 13/13 MP: 3/3
    73 | D:1      | Reached skill level 3 in Air Magic
   132 | D:1      | Found a faded altar of an unknown god.
   143 | D:1      | Prayed at the altar of an unknown god.
   143 | D:1      | Became a worshipper of the Wu Jian Council
   143 | D:1      | Reached * piety under Wu Jian
   168 | D:1      | Gained mutation: You have a somewhat thin skeletal
                  | structure. (Dex +2, Stealth+) [demonic ancestry]
   168 | D:1      | Reached XP level 2. HP: 11/19 MP: 1/5
  1243 | D:1      | Gained mutation: You may rarely emit foul miasma when
                  | damaged in melee. [demonic ancestry]
  1243 | D:1      | Reached XP level 3. HP: 23/24 MP: 0/6
  1465 | D:2      | Slain by a gnoll

Illustrated notes

Levels and vault maps discovered:
D:1:      tarquinn_simple_flora_water_b, layout_loops_cross,
          shapermc_ecumenical_altar_pompeii, serial_glass, glass_columns_b,
          glass_columns_b, glass_columns_a, glass_columns_b
D:2:      layout_loops_ring

Skill      XL: |  1  2 |
---------------+-------+-----
Air Magic      | 3 |  3.2
Dodging        | 2 |  2.0
Stealth        | 2 |  2.1
Fighting       | |  0.3
Short Blades   | |  0.1
Polearms       | |  0.2
Shields        | |  0.5
Spellcasting   | |  2.3
Conjurations   | |  1.3
Summonings     | |  0.3

Action                   || total
-------------------------++-------
Melee: Spear             ||    18
       Dagger            ||    27
 Cast: Shock             ||    54
Invok: Lunge             ||     6
Armor: Robe              ||     4
Dodge: Dodged            ||    38
Block: Buckler           ||     7
